 Dungeon Crawl Stone Soup version 0.19.5 (webtiles) character file.

38496 spiff the Spear-Bearer (level 14, -1/116 (118) HPs)
             Began as a Merfolk Ice Elementalist on Mar 28, 2017.
             Was a High Priest of Yredelemnul.
             Slain by a fire elemental (10 damage)
             ... led by Azrael
             ... on level 12 of the Dungeon on Mar 29, 2017.
             The game lasted 02:06:53 (21158 turns).

spiff the Spear-Bearer (Merfolk Ice Elementalist)  Turns: 21158, Time: 02:06:53

HP:   -1/116 (118)  AC:  4    Str:  8    XL:     14   Next: 2%
MP:   20/34         EV: 24    Int: 18    God:    Yredelemnul [*****.]
Gold: 1314          SH:  0    Dex: 16    Spells: 2 memorised, 23 levels left

rFire  . . .     SeeInvis .     C - +2 halberd (venom)
rCold  . . .     Gourm    .     v - +0 troll leather armour {Purgy}
rNeg   . . .     Faith    .     (shield currently unavailable)
rPois  .         Spirit   .     W - +0 hat
rElec  .         Reflect  .     (no cloak)
rCorr  .         Harm     .     (no gloves)
MR     +....                    (no boots)
Stlth  ++........               (no amulet)
                                n - ring of magical power
                                N - +5 ring of evasion

@: no status effects
A: change form in water, swift swim, stealthy swim
a: Recall Undead Slaves, Injury Mirror, Animate Dead, Drain Life, Enslave Soul,
Renounce Religion


You were on level 12 of the Dungeon.
You worshipped Yredelemnul.
Yredelemnul was extremely pleased with you.
You were hungry.

You visited 2 branches of the dungeon, and saw 18 of its levels.
You also visited: Volcano.

You collected 1314 gold pieces.

Inventory:

Hand Weapons
 C - a +2 halberd of venom (weapon)
Missiles
 e - 243 stones (quivered)
 Q - a tomahawk
 X - 2 throwing nets
Armour
 d - a +1 ring mail
 v - a +0 troll leather armour (worn) {Purgy}
 V - a +0 buckler
 W - a +0 hat (worn)
Magical Staves
 f - an uncursed staff of summoning
Jewellery
 n - a ring of magical power (right hand)
 B - an uncursed ring of protection from fire
 N - a +5 ring of evasion (left hand)
 R - an uncursed ring of protection from magic
Wands
 p - a wand of confusion (7/48)
 r - a wand of confusion (23/48)
 s - a wand of confusion (35/48)
 t - a wand of paralysis (12/24)
 y - a wand of iceblast (4/15)
 K - a wand of iceblast (6/15)
 L - a wand of lightning (2/15)
Scrolls
 k - a scroll of noise {unknown}
 q - 6 scrolls of magic mapping
 u - 3 scrolls of immolation
 z - 2 scrolls of fear
 E - 3 scrolls of fog
 F - 9 scrolls of remove curse
 G - 7 scrolls of teleportation
 I - 2 scrolls of amnesia
 S - 4 scrolls of recharging
 U - 3 scrolls of enchant armour
Potions
 a - 3 potions of agility
 c - 4 potions of heal wounds
 h - 2 potions of resistance
 o - 2 potions of lignification
 w - 3 potions of flight
 x - 2 potions of might
 A - 6 potions of curing
 D - 2 potions of ambrosia
 H - a potion of haste
 J - 2 potions of brilliance
 M - a potion of berserk rage
Books
 b - a book of Frost

   Spells                             Type                      Level
   a - Freeze                         Ice                          1
   b - Throw Frost                    Conjuration/Ice              2
   c - Ozocubu's Armour               Charms/Ice                   3
   d - Throw Icicle                   Conjuration/Ice              4
   e - Summon Ice Beast               Ice/Summoning                4
 O - a book of the Sky

   Spells                             Type                      Level
   a - Summon Lightning Spire         Summoning/Air                4
   b - Airstrike                      Air                          4
   c - Silence                        Hexes/Air                    5
   d - Deflect Missiles               Charms/Air                   6
   e - Conjure Ball Lightning         Conjuration/Air              6
   f - Tornado                        Air                          9
 Y - a book of Beasts

   Spells                             Type                      Level
   a - Summon Butterflies             Summoning                    1
   b - Call Canine Familiar           Summoning                    3
   c - Summon Ice Beast               Ice/Summoning                4
   d - Summon Mana Viper              Hexes/Summoning              5
   e - Summon Hydra                   Summoning                    7
Comestibles
 g - 3 chunks of flesh
 i - 28 fruits
 j - 3 royal jellies
 l - 12 bread rations
 m - 10 meat rations
 T - a slice of pizza
 Z - 2 beef jerkies


   Skills:
 + Level 13.1 Fighting
 - Level 14.4 Polearms
 - Level 11.0 Dodging
 - Level 2.1 Stealth
 - Level 7.7 Spellcasting
 - Level 5.0 Conjurations
 - Level 12.1 Ice Magic
 - Level 5.1 Invocations


You had 23 spell levels left.
You knew the following spells:

 Your Spells              Type           Power        Failure   Level  Hunger
a - Freeze                Ice            ####         1%          1    None
b - Throw Icicle          Conj/Ice       #####...     4%          4    ###....


Dungeon Overview and Level Annotations

Branches:
Dungeon (12/15)            Temple (0/1) D:7            Lair (6/6) D:10
 Shoals (0/4) Lair:3       Spider (0/4) Lair:2        Slime (0/5) Lair:5
    Orc (0/2) D:12

Altars:
Kikubaaqudgha
Nemelex Xobeh
Okawaru
Qazlal
Yredelemnul
Zin

Shops:
D:9 *

Annotations:
D:3 Sigmund
D:12 Azrael
Lair:1 exclusion: oklob plant, Trampli's ghost, journeyman MfSk


Message History

Press: ? - help, Dir - move target cursor, f/p - Azrael
Aim: Azrael, wielding a scimitar of flaming (moderately wounded, slow)
The fire elemental is in the way.
You barely miss the fire elemental.
The fire elemental is heavily damaged.
The fire elemental hits you. The fire elemental burns you!
The fire elemental hits you. The fire elemental burns you!
* * * LOW HITPOINT WARNING * * *
Azrael gestures at you.
The fireball explodes!
The fireball engulfs the fire elemental.
The fire elemental completely resists.
The fireball engulfs you!
* * * LOW HITPOINT WARNING * * *
The fireball engulfs Azrael.
Azrael completely resists.
The fireball engulfs the fire elemental.
The fire elemental completely resists.
The fireball engulfs the fire elemental.
The fire elemental completely resists.
The fire elemental hits you. The fire elemental burns you!
You die...
Your body rises from the dead as a mindless zombie.

...##.#..##........§.§..#
#..#.#.#.##.............#
.....#.#..)...#.§.......#
.#...###..#...##§.......###
##......####...##.........#
###.#### #...##....####.#
######## ##...#R$..####
.......# #...#E§......#
.......## ##...@EE......#
........####.....E.......#
.........................#
##.........................
###......................##
##.....................##
##........#.............#
........#####...........#
.......## ##...(......#


You could see Azrael and 4 fire elementals.

Vanquished Creatures
  Snorg (Lair:4)
  2 hydras
  A centaur warrior (D:10)
  A merfolk avatar (Lair:6)
  2 death yaks
  2 hill giants
  3 manticores
  A cyclops (D:12)
  An ugly thing (D:10)
  3 elephants
  A torpor snail (Lair:5)
  8 spiny frogs
  5 rime drakes
  2 gargoyles
  9 komodo dragons
  A troll (D:11)
  2 polar bears (Lair:6)
  A merfolk (D:9)
  3 dream sheep (Lair:4)
  10 blink frogs
  7 hippogriffs
  A shadow (D:11)
  10 yaks
  7 wyverns
  A wraith (D:12)
  2 fire elementals
  2 basilisks (Lair:4)
  A steam dragon (D:12)
  A hungry ghost (D:12)
  14 water moccasins
  5 porcupines
  4 hell hounds
  A black bear (D:12)
  A sky beast (D:7)
  4 phantoms
  6 orc warriors
  3 ice beasts
  Purgy (D:3)
  An eye of draining (D:9)
  3 necrophages
  6 ogres
  7 centaurs
  13 crocodiles
  18 bullfrogs
  Blork the orc (D:5)
  2 gnoll sergeants
  A water moccasin zombie (D:7)
  A water moccasin skeleton (D:8)
  6 scorpions
  4 killer bees (D:10)
  A wight (D:10)
  An electric eel (D:9)
  3 howler monkeys
  2 crimson imps
  2 centaur zombies
  3 bullfrog zombies
  A gnoll shaman (D:7)
  4 hounds
  2 bullfrog skeletons
  5 jellies
  A basilisk zombie (Lair:4)
  3 orc priests
  Jessica (D:3)
  4 iguanas
  3 orc wizards
  8 worker ants
  3 ogre zombies (D:12)
  2 hound skeletons (D:4)
  3 worker ant zombies
  Robin (D:3)
  5 adders
  16 gnolls
  3 shadow imps
  5 adder zombies
  An adder skeleton (D:8)
  4 worms (D:2)
  4 dart slugs
  4 leopard geckos
  32 orcs
  A ball python (D:1)
  11 giant cockroaches
  16 goblins
  12 hobgoblins
  5 jackals
  5 quokkas
  9 bats
  4 frilled lizards
  A goblin skeleton (D:12)
  2 goblin zombies (D:12)
  2 hobgoblin skeletons (D:12)
  4 hobgoblin zombies (D:12)
  12 kobolds
  2 leopard gecko skeletons
  3 orc skeletons (D:12)
  7 orc zombies (D:12)
  2 quokka zombies (D:5)
  3 rats
421 creatures vanquished.

Vanquished Creatures (collateral kills)
  The ghost of Uberchile the Spear-Bearer, a journeyman OpWz of Sif Muna (Volcano)
  A death yak (Lair:5)
  Nergalle (Lair:4)
  A cyclops (D:11)
  An elephant (Lair:4)
  A manticore (D:11)
  A black mamba (Lair:4)
  A spiny frog (Lair:6)
  An efreet (Volcano)
  3 komodo dragons
  A rime drake (Lair:4)
  A polar bear (Lair:5)
  8 blink frogs
  A dream sheep (Lair:4)
  3 hippogriffs
  A wyvern (D:11)
  3 yaks (Lair:5)
  2 basilisks (Lair:4)
  A hungry ghost (D:9)
  A vampire mosquito (D:9)
  2 porcupines
  4 water moccasins
  A sky beast (D:9)
  A necrophage (D:10)
  4 crocodiles
  8 bullfrogs
  A scorpion (D:10)
  2 wights (D:10)
  A crimson imp (D:9)
  An orc priest (D:8)
  2 orc wizards (D:11)
  A bullfrog skeleton (D:10)
  A shadow imp (D:8)
  3 orcs
  A jackal (D:11)
  3 fungi (Lair:5)
  A plant (Lair:4)
71 creatures vanquished.

Vanquished Creatures (others)
  2 vampires
  2 wraiths
  3 flying skulls (Volcano)
  4 spiny frog zombies
  A manticore zombie (Lair:6)
  An elephant zombie (Lair:4)
  3 blink frog zombies
  2 dream sheep zombies (Lair:4)
  A blink frog skeleton (Lair:6)
  3 rime drake zombies (Lair:4)
  A troll zombie (Lair:4)
  2 komodo dragon zombies
  A hell hound zombie (D:10)
  2 wyvern zombies
  5 water moccasin zombies
  3 yak zombies (Lair:5)
  3 bullfrog zombies
  A basilisk zombie (Lair:4)
  2 porcupine zombies
  A killer bee zombie (D:10)
  2 crocodile zombies
  2 hound zombies
  An adder zombie (D:10)
  2 gnoll zombies (D:9)
  A jackal zombie (D:9)
  A leopard gecko zombie (D:10)
  5 orc zombies
  A rat (D:2)
  5 fungi
  15 plants
78 creatures vanquished.

Grand Total: 570 creatures vanquished

Notes
Turn   | Place    | Note
-------+----------+-------------------------------------------
     0 | D:1      | spiff the Merfolk Ice Elementalist began the quest for the Orb.
     0 | D:1      | Reached XP level 1. HP: 13/13 MP: 3/3
   501 | D:1      | Reached XP level 2. HP: 15/20 MP: 3/5
   508 | D:1      | Reached skill level 1 in Fighting
  1023 | D:1      | Reached XP level 3. HP: 21/26 MP: 0/6
  2594 | D:2      | Reached XP level 4. HP: 31/32 MP: 7/7
  2753 | D:3      | Noticed Robin
  2755 | D:3      | Noticed Jessica
  2878 | D:3      | Noticed Sigmund
  2972 | D:3      | Reached skill level 5 in Dodging
  3038 | D:3      | Noticed Purgy
  3058 | D:3      | Killed Purgy
  3058 | D:3      | Reached XP level 5. HP: 38/38 MP: 8/8
  3129 | D:3      | Killed Jessica
  3142 | D:3      | Killed Robin
  3391 | D:3      | Reached XP level 6. HP: 42/44 MP: 9/9
  3412 | D:3      | Found a glowing silver altar of Zin.
  3685 | D:4      | Noticed a phantom
  3696 | D:4      | You fall through a shaft for 2 floors!
  3696 | D:6      | Noticed a necrophage
  3729 | D:5      | Entered Level 5 of the Dungeon
  4382 | D:5      | Reached skill level 5 in Ice Magic
  4430 | D:5      | Noticed Blork the orc
  4452 | D:5      | Killed Blork the orc
  4452 | D:5      | Reached skill level 1 in Polearms
  4452 | D:5      | Reached XP level 7. HP: 52/52 MP: 10/10
  4647 | D:5      | Reached skill level 2 in Polearms
  4896 | D:5      | Found a basalt altar of Yredelemnul.
  4977 | D:5      | Became a worshipper of Yredelemnul the Dark
  5373 | D:5      | Reached skill level 3 in Polearms
  5553 | D:5      | Reached skill level 4 in Polearms
  5642 | D:5      | Reached XP level 8. HP: 46/61 MP: 11/11
  5964 | D:6      | Reached skill level 5 in Polearms
  6008 | D:6      | Reached skill level 5 in Fighting
  6058 | D:5      | Reached skill level 6 in Polearms
  6366 | D:6      | Reached * piety under Yredelemnul
  6416 | D:6      | Reached skill level 7 in Polearms
  6530 | D:7      | Reached XP level 9. HP: 63/69 MP: 12/12
  6972 | D:7      | Reached skill level 10 in Dodging
  6994 | D:7      | Found an iron altar of Okawaru.
  7014 | D:7      | Found an ancient bone altar of Kikubaaqudgha.
  7085 | D:7      | Reached skill level 8 in Polearms
  7852 | D:7      | Reached skill level 9 in Polearms
  7913 | D:7      | Found a staircase to the Ecumenical Temple.
  8027 | D:7      | Reached skill level 1 in Invocations
  8083 | D:8      | Reached ** piety under Yredelemnul
  8184 | D:8      | Reached XP level 10. HP: 77/79 MP: 13/13
  8352 | D:8      | Reached skill level 10 in Polearms
  8964 | D:9      | Found Naxtis's Demolitions Depot.
  9077 | D:9      | Reached *** piety under Yredelemnul
  9138 | D:9      | Found a stormy altar of Qazlal.
  9138 | D:9      | Found a basalt altar of Yredelemnul.
  9652 | D:9      | Found a sparkling altar of Nemelex Xobeh.
  9707 | D:10     | Entered Level 10 of the Dungeon
  9738 | D:10     | Reached skill level 5 in Invocations
  9821 | D:10     | Learned a level 4 spell: Throw Icicle
  9827 | D:10     | Found a staircase to the Lair.
  9836 | D:10     | Noticed a white ugly thing
  9845 | D:10     | Killed a white ugly thing
  9845 | D:10     | Reached skill level 1 in Conjurations
  9944 | D:10     | Noticed a gargoyle
 10700 | D:10     | Killed a gargoyle
 10700 | D:10     | Reached XP level 11. HP: 38/87 MP: 16/16
 11043 | D:10     | Noticed a centaur warrior
 11056 | D:10     | Killed a centaur warrior
 11056 | D:10     | Received a gift from Yredelemnul (a wight)
 11328 | Lair:1   | Entered Level 1 of the Lair of Beasts
 11328 | Lair:1   | Noticed an oklob plant
 11383 | Lair:1   | Reached **** piety under Yredelemnul
 11828 | Lair:1   | Reached skill level 5 in Conjurations
 11851 | Lair:1   | Noticed Trampli's ghost (journeyman MfSk)
 12205 | Lair:2   | Noticed a seven-headed hydra
 12221 | Lair:2   | Reached skill level 10 in Ice Magic
 12335 | Lair:2   | Found a dark tunnel.
 12341 | Lair:2   | Killed a seven-headed hydra
 12383 | Volcano  | Entered a volcano
 12383 | Volcano  | Noticed Uberchile's ghost (journeyman OpWz)
 12393 | Volcano  | Received a gift from Yredelemnul (3 flying skulls)
 12426 | Volcano  | Noticed simples's ghost (journeyman HOFi)
 12427 | Volcano  | Killed Uberchile's ghost
 12689 | Lair:2   | Found a hole to the Spider Nest.
 12766 | Lair:2   | Reached XP level 12. HP: 72/93 MP: 7/17
 13152 | Lair:2   | Received a gift from Yredelemnul (a mummy)
 13381 | Lair:3   | Found a staircase to the Shoals.
 14263 | Lair:4   | Noticed Nergalle
 14370 | Lair:4   | Reached skill level 11 in Polearms
 14512 | Lair:4   | Received a gift from Yredelemnul (a wraith)
 14519 | Lair:4   | Reached skill level 10 in Fighting
 14606 | Lair:4   | Noticed Snorg
 14978 | Lair:4   | Killed Snorg
 15041 | Lair:4   | Reached skill level 12 in Polearms
 15482 | Lair:4   | Your ally Snorg died
 15823 | Lair:4   | Noticed an eight-headed hydra
 15849 | Lair:4   | Killed a 14-headed hydra
 15861 | Lair:4   | Reached skill level 13 in Polearms
 15931 | Lair:4   | Killed Nergalle
 16533 | Lair:4   | Reached XP level 13. HP: 97/104 MP: 18/18
 16914 | Lair:5   | Found a staircase to the Slime Pits.
 16952 | Lair:5   | Reached skill level 14 in Polearms
 17368 | Lair:6   | Entered Level 6 of the Lair of Beasts
 17663 | Lair:6   | Reached ***** piety under Yredelemnul
 17984 | Lair:6   | Reached skill level 5 in Spellcasting
 18443 | Lair:6   | HP: 4/159 [barbs]
 18913 | Lair:6   | Received a gift from Yredelemnul (a vampire)
 18932 | Lair:6   | Noticed a dire elephant
 19052 | Lair:5   | HP: 4/106 [barbs]
 20619 | D:12     | Found a staircase to the Orcish Mines.
 20681 | D:12     | Received a gift from Yredelemnul (a vampire)
 20915 | D:12     | Reached XP level 14. HP: 116/116 MP: 25/25
 21021 | D:12     | Received a gift from Yredelemnul (a wraith)
 21140 | D:12     | Noticed Azrael
 21158 | D:12     | Slain by a fire elemental

Skill      XL: |  1  2  3  4  5  6  7  8  9 10 11 12 13 |
---------------+----------------------------------------+-----
Dodging        | 3 4 5 6 7 8 9 10 11 | 11.0
Fighting       | 1 2 3 4 6 8 9 11 13 | 13.1
Ice Magic      | 4 5 7 11 12 | 12.1
Polearms       | 1 4 7 9 10 13 14 | 14.4
Invocations    | 3 5 |  5.1
Spellcasting   | 3 7 |  7.7
Conjurations   | 2 5 |  5.0
Stealth        | |  2.1

Action                   |  1- 3 |  4- 6 |  7- 9 | 10-12 | 13-15 || total
-------------------------+-------+-------+-------+-------+-------++-------
Melee: Dagger            |    59 |    89 |       |       |       ||   148
       Halberd           |       |    10 |   211 |   370 |   294 ||   885
       Trident           |       |       |     1 |       |       ||     1
       Tailslap          |       |       |       |       |     1 ||     1
 Fire: Blowgun           |       |    15 |     4 |       |       ||    19
Throw: Stone             |    53 |     3 |    20 |     6 |     5 ||    87
       Tomahawk          |       |       |     7 |     4 |       ||    11
 Cast: Freeze            |    78 |    82 |   110 |   355 |   163 ||   788
       Throw Icicle      |       |       |       |    32 |    33 ||    65
Invok: Animate Remains   |       |       |     2 |     6 |       ||     8
       Animate Dead      |       |       |       |    35 |    11 ||    46
       Recall Undead Sla |       |       |       |     3 |       ||     3
Evoke: Wand              |       |     3 |       |     7 |       ||    10
  Use: Scroll            |     6 |     6 |     4 |    18 |     7 ||    41
       Potion            |       |       |       |     1 |     2 ||     3
 Stab: Sleeping          |     2 |     3 |     5 |     9 |     8 ||    27
       Paralysed         |       |    10 |       |       |       ||    10
       Distracted        |       |       |     2 |     3 |     3 ||     8
  Eat: Chunk             |     3 |     7 |    12 |    38 |    22 ||    82
       Bread ration      |     1 |       |       |     1 |       ||     2
       Pizza             |       |       |     1 |     2 |       ||     3
       Beef jerky        |       |       |       |     1 |       ||     1
Armor: Ring mail         |    69 |    15 |       |       |       ||    84
       Troll leather arm |       |    36 |    40 |    55 |    23 ||   154
Dodge: Dodged            |   109 |   119 |   210 |   542 |   419 ||  1399
